 Dungeon Sprint DCSS version 0.20-a0-472-g5c05303 (webtiles) character file.

1828 Hipnos the Cleaver (level 8, -2/71 HPs)
             Began as a Demonspawn Fighter on Jan 14, 2017.
             Was a Follower of Qazlal.
             Slain by a deep troll (10 damage)
             ... in the Dungeon (Sprint I: "Red Sonja").
             The game lasted 00:05:09 (958 turns).

Hipnos the Cleaver (Demonspawn Fighter)              Turns: 958, Time: 00:05:09

Health: -2/71      AC:  8    Str: 17    XL:     8   Next: 86%
Magic:  0/8        EV: 10    Int: 11    God:    Qazlal [*.....]
Gold:   600        SH: 13    Dex: 13    Spells: 7/7 levels left

rFire  . . .     SeeInvis .     a - +0 war axe
rCold  . . .     Gourm    .     b - +0 scale mail
rNeg   . . .     Faith    .     c - +0 shield
rPois  .         Spirit   +     (helmet restricted)
rElec  .         Reflect  .     (no cloak)
rCorr  .         Harm     .     (no gloves)
MR     .....     NoTele   +     (no boots)
Stlth  ..........               (no amulet)
                                (no ring)
                                (no ring)

@: very slightly contaminated, hasted, very quick
A: horns 1, powered by pain 1, magic shield, magic regeneration
a: Renounce Religion


You were in the Dungeon.
You worshipped Qazlal.
Qazlal was aware of your devotion.
You were not hungry.

You visited 1 branch You collected 600 gold pieces.

Inventory:

Hand Weapons
 a - a +0 war axe (weapon)
Armour
 b - a +0 scale mail (worn)
 c - a +0 shield (worn)
Potions
 i - 2 potions of magic
Comestibles
 f - a bread ration


   Skills:
 + Level 9.4 Fighting
 + Level 11.1 Axes
 + Level 8.8 Armour
 + Level 3.1 Dodging
 + Level 1.3 Stealth
 + Level 8.8 Shields


You had 7 spell levels left.
You didn't know any spells.

Dungeon Overview and Level Annotations

Branches:
Dungeon (1/1)

Altars:
Cheibriados
Dithmenos
Elyvilon
Fedhas
Gozag
Hepliaklqana
Kikubaaqudgha
Makhleb
Nemelex Xobeh
Okawaru
Qazlal
Ru
Sif Muna
Trog
Uskayaw
Vehumet
Xom
Yredelemnul
Zin
The Shining One
Jiyva
Lugonu

Shops:
D }[


Innate Abilities, Weirdness & Mutations

You have a pair of small horns on your head.
You sometimes gain a little power by taking damage.
When hurt, damage is shared between your health and your magic reserves.
You regenerate magic rapidly.


Message History

The deep troll is moderately wounded.
You hit the deep troll.
The deep troll is moderately wounded.
The deep troll closely misses you. You block the deep troll's attack.
The deep troll claws you but does no damage.
You slash the deep troll!
You headbutt the deep troll, but do no damage.
The deep troll is moderately wounded.
You block the deep troll's attack. x3
You hit the deep troll.
The deep troll is moderately wounded.
You closely miss the deep troll.
The deep troll is moderately wounded.
The deep troll bites you but does no damage.
You block the deep troll's attack. The deep troll claws you.
* * * LOW HITPOINT WARNING * * *
You closely miss the deep troll.
The deep troll is moderately wounded.
You block the deep troll's attack. The deep troll claws you!
You die...

.#..').#..'..'..#)..#
###'#####'#__####...+
##..#...#[#### #####
_####..##.#
____##'#..+
.∩...'.T._#
..__##_(#'#
____###+#.# ###
#######.####+###@##
+...'...$$T$∩#
#...########## ##.##
#+#


You could see a deep troll.

Vanquished Creatures
  Sonja (D)
  2 kobold demonologists (D)
  A slime creature (D)
  Sigmund (D)
  A yak (D)
  A floating eye (D)
  An ogre (D)
  A jelly (D)
  Ijyb (D)
10 creatures vanquished.

Vanquished Creatures (others)
  A gargoyle (D)
  2 ballistomycete spores (D)
3 creatures vanquished.

Grand Total: 13 creatures vanquished

Notes
Turn   | Place    | Note
-------+----------+-------------------------------------------
     0 | D        | Hipnos the Demonspawn Fighter began the quest for the Orb.
     0 | D        | Reached XP level 1. HP: 18/18 MP: 1/1
     1 | D        | Noticed Ijyb
    19 | D        | Killed Ijyb
    19 | D        | Reached skill level 2 in Axes
    19 | D        | Gained mutation: When hurt, damage is shared between your health and your magic reserves. [demonic ancestry]
    19 | D        | Reached XP level 2. HP: 15/26 MP: 2/2
    79 | D        | Killed a gargoyle
   154 | D        | Noticed an ogre
   162 | D        | Killed an ogre
   162 | D        | Reached skill level 5 in Fighting
   162 | D        | Reached skill level 3 in Axes
   162 | D        | Reached skill level 5 in Armour
   162 | D        | Reached skill level 5 in Shields
   162 | D        | Gained mutation: You sometimes gain a little power by taking damage. [demonic ancestry]
   162 | D        | Reached XP level 3. HP: 25/33 MP: 1/3
   162 | D        | Gained mutation: You have a pair of small horns on your head. [demonic ancestry]
   162 | D        | Reached XP level 4. HP: 29/39 MP: 1/4
   295 | D        | Noticed Sigmund
   306 | D        | Killed Sigmund
   306 | D        | Reached skill level 5 in Axes
   306 | D        | Reached skill level 1 in Dodging
   306 | D        | Reached XP level 5. HP: 43/47 MP: 1/5
   306 | D        | Gained mutation: You regenerate magic rapidly. [demonic ancestry]
   306 | D        | Reached XP level 6. HP: 48/53 MP: 1/6
   335 | D        | Found a deep blue altar of Sif Muna.
   339 | D        | Found a radiant altar of Vehumet.
   374 | D        | Found Ojeupn's Gadget Emporium.
   374 | D        | Found an ancient bone altar of Kikubaaqudgha.
   374 | D        | Found a hazy altar of Hepliaklqana.
   374 | D        | Found a stormy altar of Qazlal.
   374 | D        | Found a hide-covered altar of Uskayaw.
   374 | D        | Found a blossoming altar of Fedhas.
   374 | D        | Found a bloodstained altar of Trog.
   374 | D        | Found an iron altar of Okawaru.
   374 | D        | Found a basalt altar of Yredelemnul.
   374 | D        | Found a glowing golden altar of the Shining One.
   374 | D        | Found a snail-covered altar of Cheibriados.
   374 | D        | Found a sacrificial altar of Ru.
   374 | D        | Found a glowing silver altar of Zin.
   374 | D        | Found a shadowy altar of Dithmenos.
   374 | D        | Found a white marble altar of Elyvilon.
   374 | D        | Noticed a yak
   390 | D        | Killed a yak
   390 | D        | Reached skill level 6 in Axes
   391 | D        | Found an opulent altar of Gozag.
   392 | D        | Found a sparkling altar of Nemelex Xobeh.
   394 | D        | Became a worshipper of Qazlal Stormbringer
   559 | D        | Found a burning altar of Makhleb.
   559 | D        | Found a viscous altar of Jiyva.
   559 | D        | Found a shimmering altar of Xom.
   559 | D        | Found a corrupted altar of Lugonu.
   559 | D        | Noticed a slime creature
   571 | D        | Killed a slime creature
   571 | D        | Reached skill level 7 in Axes
   571 | D        | Reached XP level 7. HP: 39/62 MP: 5/7
   730 | D        | Noticed a kobold demonologist
   731 | D        | Noticed a kobold demonologist
   731 | D        | Paralysed by a floating eye for 3 turns
   735 | D        | Paralysed by a floating eye for 2 turns
   736 | D        | Noticed a sun demon
   737 | D        | Reached skill level 8 in Axes
   740 | D        | Noticed a hellwing
   746 | D        | Noticed a red devil
   748 | D        | Killed a kobold demonologist
   748 | D        | Reached * piety under Qazlal
   748 | D        | Reached skill level 9 in Axes
   748 | D        | Reached skill level 1 in Stealth
   748 | D        | Reached XP level 8. HP: 68/69 MP: 8/8
   750 | D        | Killed a kobold demonologist
   776 | D        | Noticed Sonja
   787 | D        | Killed Sonja
   787 | D        | Reached skill level 11 in Axes
   879 | D        | Noticed a deep troll
   896 | D        | HP: 1/71 [deep troll (4)]
   926 | D        | HP: 2/71 [deep troll (4)]
   942 | D        | Found Zaemoc's Armour Emporium.
   958 | D        | Slain by a deep troll

Vault maps used:
D:        dungeon_sprint_1

Skill      XL: |  1  2  3  4  5  6  7  8 |
---------------+-------------------------+-----
Fighting       | 4 5 6 8 9 |  9.4
Axes           | 2 3 5 7 9 11 | 11.1
Armour         | 4 5 6 8 |  8.8
Shields        | 3 5 6 7 8 |  8.8
Dodging        | 1 2 3 |  3.1
Stealth        | 1 |  1.3

Action                   |  1- 3 |  4- 6 |  7- 9 || total
-------------------------+-------+-------+-------++-------
Melee: War axe           |    24 |    38 |    35 ||    97
       Headbutt          |       |    12 |     2 ||    14
  Use: Potion            |     1 |     1 |     3 ||     5
       Scroll            |       |       |     1 ||     1
Armor: Scale mail        |     3 |     4 |    19 ||    26
Dodge: Dodged            |     8 |     9 |    19 ||    36
Block: Shield            |     7 |    20 |    37 ||    64
